[Event "Titled Tuesday Blitz February 07 Late 2023"]
[White "Kourkoulos-Arditis, Stamatis"]
[Black "ritanovikova"]
[WhiteFideId "4221990"]
[WhiteElo "2539"]
[BlackElo "2226"]
[Result "1-0"]
[Round "01"]
[TimeControl "180+2"]
[Date "2023.02.07"]
[WhiteClock "0:00:30"]
[BlackClock "0:00:03"]

1. e4 e5 2. Nc3 Nf6 3. g3 Nc6 4. Bg2 Bc5 5. h3 O-O 6. Nge2 Nd4 7. O-O c6 8. d3 h6 9. Nxd4 Bxd4 10. Ne2 Bb6 11. d4 exd4 12. Nxd4 Re8 13. Qd3 d5 14. exd5 Nxd5 15. c3 Nf6 16. Rd1 c5 17. Nf3 Qxd3 18. Rxd3 Bf5 19. Rd1 c4 20. Nd4 Bd3 21. Be3 Be4 22. Bf1 Rac8 23. a4 a5 24. Nf5 Bxe3 25. Nxe3 Bf3 26. Rd4 Red8 27. Rxd8+ Rxd8 28. Nxc4 Rd5 29. Re1 Rc5 30. Re5 Rxe5 31. Nxe5 Bd1 32. Bb5 Ne4 33. Nc4 Nc5 34. Nxa5 b6 35. Nc4 Bxa4 36. Bxa4 Nxa4 37. f4 b5 38. Nd6 Nxb2 39. Nxb5 Kf8 40. Kf2 Ke7 41. Ke3 Nc4+ 42. Kd4 Nd2 43. c4 Nf1 44. g4 Ng3 45. Nc3 h5 46. Ke3 hxg4 47. hxg4 Nf1+ 48. Ke2 Ng3+ 49. Kf2 Nh1+ 50. Kg2 1-0


[Site "https://www.chess.com"]

[Event "Titled Tuesday Blitz February 07 Late 2023"]
[White "Antonova, Nadezhda"]
[Black "Defend, Balint"]
[WhiteFideId "14700182"]
[BlackFideId "17004853"]
[WhiteElo "1945"]
[BlackElo "1673"]
[Result "1/2-1/2"]
[Round "01"]
[TimeControl "180+2"]
[Date "2023.02.07"]
[WhiteClock "0:00:05"]
[BlackClock "0:00:15"]

1. Nf3 Nf6 2. b3 b6 3. Bb2 Bb7 4. g3 e6 5. Bg2 c5 6. O-O Be7 7. c4 O-O 8. Nc3 d5 9. cxd5 Nxd5 10. d4 Nxc3 11. Bxc3 Nd7 12. Rc1 Bf6 13. Qd2 cxd4 14. Bxd4 Bxd4 15. Qxd4 Nf6 16. Rfd1 Qxd4 17. Nxd4 Bxg2 18. Kxg2 Rac8 19. Nc6 Rc7 20. b4 a6 21. a4 b5 22. axb5 axb5 23. Rc5 Nd5 24. Rdc1 Rb7 25. e4 Nf6 26. f3 Re8 27. Nd4 g6 28. Nxb5 Reb8 29. Nd6 Rxb4 30. Rc8+ Kg7 31. R8c7 Rf8 32. Ra1 Rb2+ 33. Kh3 g5 34. Raa7 h5 35. Rxf7+ Kg6 36. Rg7+ Kh6 37. e5 g4+ 38. fxg4 hxg4+ 39. Rxg4 Nxg4 40. Kxg4 Rxh2 41. Nf7+ Kg6 42. Ng5 Re8 43. Ne4 Re2 44. Nf6 Rf8 45. Nd7 Rf5 46. Ra8 Re4+ 47. Kh3 Kf7 48. Nb6 Rfxe5 49. Ra7+ Kf6 50. Nd7+ Kf5 51. Nxe5 Kxe5 52. Ra5+ Kf6 53. Rh5 Rb4 54. Rh6+ Kf5 55. Rh8 e5 56. Rf8+ Ke6 57. g4 Rf4 58. Rxf4 exf4 59. Kg2 Kf6 60. Kf3 Kg5 61. Kf2 Kxg4 62. Kg2 f3+ 63. Kf2 Kf4 64. Kf1 Ke4 65. Kf2 Kf4 66. Kf1 Ke3 67. Ke1 Ke4 68. Kf2 Kf4 1/2-1/2


[Site "https://www.chess.com"]

[Event "Titled Tuesday Blitz February 07 Late 2023"]
[White "Martinez Reyes, Pedro Ramon"]
[Black "Zhang, Alan"]
[WhiteFideId "3901807"]
[BlackFideId "30936870"]
[WhiteElo "2376"]
[BlackElo "2001"]
[Result "0-1"]
[Round "01"]
[TimeControl "180+2"]
[Date "2023.02.07"]
[WhiteClock "0:00:04"]
[BlackClock "0:00:12"]

1. e4 e5 2. Nf3 Nc6 3. Bc4 Bc5 4. b4 Bxb4 5. c3 Ba5 6. O-O Nf6 7. d4 d6 8. Bb5 Bd7 9. Bxc6 Bxc6 10. dxe5 dxe5 11. Nxe5 Bxe4 12. Qa4+ c6 13. Re1 O-O 14. Bg5 Bxb1 15. Raxb1 Bxc3 16. Red1 Qe7 17. Nd7 Rfe8 18. Qb3 h6 19. Bxf6 Bxf6 20. Qxb7 c5 21. g3 Bd4 22. Re1 Qd6 23. Kg2 Red8 24. h4 Qxd7 25. Qf3 Qd5 26. Re4 c4 27. Rbe1 c3 28. Re8+ Kh7 29. Qxd5 Rxd5 30. Rxa8 Rc5 31. Rc1 c2 32. Rb8 Rc4 33. Rb3 a5 34. Kf3 a4 35. Rb5 a3 36. Ke4 Bb2+ 37. Kd3 Bxc1 38. Kxc4 Bb2 39. Kb3 c1=Q 0-1


[Site "https://www.chess.com"]

[Event "Titled Tuesday Blitz February 07 Late 2023"]
[White "Marin Ramirez, Gerardo"]
[Black "Chan, Luis"]
[WhiteFideId "3901068"]
[BlackFideId "3216357"]
[WhiteElo "2127"]
[BlackElo "2208"]
[Result "0-1"]
[Round "01"]
[TimeControl "180+2"]
[Date "2023.02.07"]
[WhiteClock "0:00:01"]
[BlackClock "0:00:28"]

1. d4 d6 2. Nf3 Nf6 3. g3 g6 4. Bg2 Bg7 5. c4 O-O 6. O-O Nc6 7. d5 Nb8 8. Nc3 e5 9. e4 Nbd7 10. h3 Nc5 11. Ne1 a5 12. Nd3 b6 13. Nxc5 bxc5 14. Nb5 Ne8 15. Bd2 f5 16. Qe1 a4 17. b3 f4 18. f3 fxg3 19. Qxg3 Bf6 20. Qf2 Bh4 21. Qe2 Bg5 22. Be3 Rf7 23. Qd2 Bxe3+ 24. Qxe3 Qh4 25. Nc3 Ng7 26. Qf2 Qg5 27. Nxa4 Nh5 28. h4 Qh6 29. Rae1 Nf4 0-1


[Site "https://www.chess.com"]

[Event "Titled Tuesday Blitz February 07 Late 2023"]
[White "Liu, Leonardo"]
[Black "Hirneise, Jens"]
[WhiteFideId "30965780"]
[BlackFideId "24614734"]
[WhiteElo "1919"]
[BlackElo "2277"]
[Result "0-1"]
[Round "01"]
[TimeControl "180+2"]
[Date "2023.02.07"]
[WhiteClock "0:00:34"]
[BlackClock "0:00:23"]

1. e4 d5 2. exd5 Nf6 3. d4 Bg4 4. f3 Bf5 5. Bd3 Bxd3 6. Qxd3 Qxd5 7. c4 Qd8 8. Ne2 e6 9. Nbc3 Be7 10. O-O O-O 11. Bf4 c5 12. d5 exd5 13. cxd5 Bd6 14. Rad1 a6 15. Ne4 Bxf4 16. Nxf4 Nbd7 17. d6 Re8 18. Nd5 Nxd5 19. Qxd5 Qb6 20. Ng5 Rf8 21. b3 h6 22. Ne4 c4+ 23. Kh1 cxb3 24. axb3 Rfe8 25. Rc1 Re5 26. Qd3 Rd8 27. Rc7 Nc5 28. Qc4 Ne6 29. Re7 Qc6 30. Qxc6 bxc6 31. Rc1 c5 32. d7 Kf8 33. Re8+ Rxe8 34. dxe8=Q+ Kxe8 35. Nd6+ Ke7 36. Nc4 Rd5 37. Ra1 Rd3 38. Na5 Nd4 39. Rb1 Kd7 40. Kg1 g5 41. Kf2 f5 42. Kg3 Rd2 43. Nc4 Ne2+ 44. Kf2 Ra2 45. Rd1+ Kc7 46. Ke3 Nd4 47. Rb1 Kc6 48. b4 Nc2+ 49. Kd3 Nxb4+ 50. Kc3 Rc2+ 51. Kb3 Rxg2 52. h4 Rg3 53. Ka4 gxh4 54. Rh1 h3 55. Ne5+ Kd5 56. Nf7 h5 57. f4 Nd3 58. Ng5 Nxf4 59. Rf1 h2 60. Nf3 Rxf3 61. Rxf3 h1=Q 62. Ra3 Qd1+ 63. Ka5 Qd2+ 64. Kb6 Qb4+ 65. Ka7 Qxa3 66. Ka8 a5 67. Ka7 Qb4 68. Ka6 a4 69. Ka7 a3 70. Ka8 a2 71. Ka7 a1=Q# 0-1


[Site "https://www.chess.com"]

[Event "Titled Tuesday Blitz February 07 Late 2023"]
[White "Taboas Rodriguez, Daniel"]
[Black "Torres Dominguez, David"]
[WhiteFideId "2208466"]
[BlackFideId "2220857"]
[WhiteElo "2371"]
[BlackElo "1994"]
[Result "1-0"]
[Round "01"]
[TimeControl "180+2"]
[Date "2023.02.07"]
[WhiteClock "0:00:05"]
[BlackClock "0:01:09"]

1. d4 e5 2. dxe5 d6 3. Nf3 Bg4 4. Bg5 Qd7 5. Nc3 Nc6 6. Qd2 dxe5 7. Qxd7+ Bxd7 8. O-O-O f6 9. Bd2 O-O-O 10. e4 Bc5 11. Be1 Nge7 12. Bc4 h5 13. Nd5 Nxd5 14. Bxd5 h4 15. h3 Ne7 16. Bc4 Ng6 17. Rh2 a6 18. Bf1 Be6 19. Rxd8+ Kxd8 20. Nd2 Nf4 21. Bc4 Ke7 22. Bxe6 Kxe6 23. Kd1 b5 24. Nb3 Bb6 25. Nc1 Rd8+ 26. Nd3 Nxd3 27. cxd3 Rxd3+ 28. Kc2 Rd7 29. f3 g5 30. Rh1 Bd4 31. b3 c5 32. Ba5 Kd6 33. Rd1 Kc6 34. Rd3 c4 35. Rd1 cxb3+ 36. axb3 Kd6 37. Kd3 Ke6 38. Ke2 Rd6 39. Rc1 Rd7 40. Rc6+ Rd6 41. Rc8 Kd7 42. Rc7+ Ke6 43. Rc8 Kd7 44. Rc7+ Ke6 45. Bb4 Rb6 46. Re7# 1-0


[Site "https://www.chess.com"]

[Event "Titled Tuesday Blitz February 07 Late 2023"]
[White "Tarnowska, Aleksandra"]
[Black "Brodowski, Piotr"]
[WhiteFideId "1180967"]
[BlackFideId "1124480"]
[WhiteElo "1835"]
[BlackElo "2457"]
[Result "0-1"]
[Round "01"]
[TimeControl "180+2"]
[Date "2023.02.07"]
[WhiteClock "0:00:02"]
[BlackClock "0:00:50"]

1. e4 d6 2. d4 g6 3. Nc3 Bg7 4. Be3 a6 5. Qd2 b5 6. Nge2 Bb7 7. f3 Nd7 8. g4 b4 9. Nd1 a5 10. Nf2 c5 11. c3 h6 12. h4 Qc7 13. Bg2 e5 14. h5 g5 15. O-O Ne7 16. Ng3 O-O 17. Nf5 Nxf5 18. gxf5 Rad8 19. Ng4 Nf6 20. d5 Nxg4 21. fxg4 Bf6 22. c4 a4 23. b3 Ra8 24. a3 axb3 25. axb4 cxb4 26. Qxb4 Ba6 27. Qxb3 Bxc4 28. Qc3 Rac8 29. Rfc1 Qd8 30. Qa5 Qe8 31. Qb6 Be2 32. Qxd6 Kg7 33. Rxc8 Qxc8 34. Bh3 Qc3 35. Ra3 Qe1+ 36. Kh2 Rc8 37. Bg1 Rc2 38. Bg2 Qh4+ 39. Rh3 Qxg4 40. Qb6 Bf3 41. Rg3 Rxg2+ 42. Rxg2 Qxg2# 0-1


[Site "https://www.chess.com"]

[Event "Titled Tuesday Blitz February 07 Late 2023"]
[White "O`Gorman, Tom"]
[Black "Sailer, Mike"]
[WhiteFideId "2508249"]
[BlackFideId "2012901"]
[WhiteElo "2355"]
[BlackElo "2109"]
[Result "1-0"]
[Round "01"]
[TimeControl "180+2"]
[Date "2023.02.07"]
[WhiteClock "0:00:40"]
[BlackClock "0:00:12"]

1. Nf3 g6 2. e4 Bg7 3. d4 c6 4. Nc3 d5 5. h3 dxe4 6. Nxe4 Nd7 7. Bf4 Ngf6 8. Nxf6+ Nxf6 9. Bd3 O-O 10. O-O Qb6 11. b3 a5 12. c4 a4 13. Qc2 axb3 14. axb3 Rxa1 15. Rxa1 Nh5 16. Be3 Qc7 17. Qd2 Rd8 18. Re1 b6 19. Qb4 Bb7 20. Bf1 e6 21. c5 b5 22. Ra1 Nf4 23. Qa5 Qxa5 24. Rxa5 Nd5 25. Ra7 Ba8 26. Bd3 Nxe3 27. fxe3 e5 28. Kf2 exd4 29. exd4 Kf8 30. Ke3 Bh6+ 31. Ke2 Re8+ 32. Kf1 Rb8 33. Ne5 Bg7 34. Nd7+ 1-0


[Site "https://www.chess.com"]

[Event "Titled Tuesday Blitz February 07 Late 2023"]
[White "Michalski, Olaf"]
[Black "Ortega Amarelle, Mariano"]
[WhiteFideId "1106740"]
[BlackFideId "3504301"]
[WhiteElo "2273"]
[BlackElo "2472"]
[Result "0-1"]
[Round "01"]
[TimeControl "180+2"]
[Date "2023.02.07"]
[WhiteClock "0:00:05"]
[BlackClock "0:00:47"]

1. d4 d5 2. c4 e6 3. Nc3 Nf6 4. Bg5 Be7 5. e3 O-O 6. Rc1 h6 7. Bh4 b6 8. Bxf6 Bxf6 9. cxd5 exd5 10. Nge2 c6 11. Nf4 Be7 12. g3 Bd6 13. Bg2 Ba6 14. Nfe2 Nd7 15. O-O Nf6 16. Qa4 Bb7 17. b4 b5 18. Qb3 a5 19. a3 axb4 20. axb4 Qe7 21. Rb1 Ra7 22. Nf4 Rfa8 23. Nd3 Ra3 24. Qb2 Bc8 25. Nc5 Bf5 26. Ra1 Qa7 27. Rxa3 Qxa3 28. Qxa3 Rxa3 29. Rc1 Bxc5 30. dxc5 Rb3 31. Ne2 Rxb4 32. Nd4 Bd7 33. Ra1 Rc4 34. h3 Rxc5 35. Ra7 Rc1+ 36. Kh2 c5 0-1


[Site "https://www.chess.com"]

[Event "Titled Tuesday Blitz February 07 Late 2023"]
[White "Golubev, Mikhail"]
[Black "Harish, Neeraj"]
[WhiteFideId "14100983"]
[BlackFideId "30958130"]
[WhiteElo "2461"]
[BlackElo "2232"]
[Result "1-0"]
[Round "01"]
[TimeControl "180+2"]
[Date "2023.02.07"]
[WhiteClock "0:02:26"]
[BlackClock "0:01:08"]

1. e4 c5 2. Nf3 Nc6 3. Nc3 e5 4. Bc4 Be7 5. d3 Nf6 6. Ng5 O-O 7. h4 d6 8. Nd5 Nxd5 9. Bxd5 Bf6 10. Qh5 Bxg5 11. hxg5 h6 12. gxh6 g6 13. Qxg6+ Kh8 14. Qg7# 1-0


[Site "https://www.chess.com"]

[Event "Titled Tuesday Blitz February 07 Late 2023"]
[White "Winkels, Marcel"]
[Black "Aggelis, Nikolaos"]
[WhiteFideId "1003887"]
[BlackFideId "4213220"]
[WhiteElo "1960"]
[BlackElo "2270"]
[Result "0-1"]
[Round "01"]
[TimeControl "180+2"]
[Date "2023.02.07"]
[WhiteClock "0:00:02"]
[BlackClock "0:00:17"]

1. e4 c6 2. d4 d5 3. exd5 cxd5 4. c4 Nf6 5. Nc3 g6 6. cxd5 Bg7 7. Bb5+ Nbd7 8. d6 e6 9. Bf4 O-O 10. Nf3 Nh5 11. Bg5 f6 12. Be3 Bh8 13. O-O Qb6 14. d5 Qxd6 15. dxe6 Qxe6 16. Qe2 Nb6 17. a4 Bd7 18. Bxb6 Qxe2 19. Bxe2 axb6 20. Bc4+ Kg7 21. Rfe1 Rfe8 22. Rad1 Bxa4 23. Rxe8 Bxe8 24. Nd5 Rd8 25. Nd4 Bf7 26. Nxb6 Nf4 27. Bxf7 Kxf7 28. Rd2 Rxd4 29. Rxd4 Ne2+ 30. Kf1 Nxd4 31. Nc4 Ke6 32. Na5 b6 33. Nc4 b5 34. Na3 f5 35. Ke1 Kd5 36. Kd2 Be5 37. Kd3 Bxh2 38. g3 Bg1 39. Ke3 g5 0-1


[Site "https://www.chess.com"]

[Event "Titled Tuesday Blitz February 07 Late 2023"]
[White "Veiga, Jose Francisco R P Neves"]
[Black "Bongo Akanga Ndjila, Barthelemy"]
[WhiteFideId "1930087"]
[BlackFideId "10609431"]
[WhiteElo "2406"]
[BlackElo "1824"]
[Result "0-1"]
[Round "01"]
[TimeControl "180+2"]
[Date "2023.02.07"]
[WhiteClock "0:00:09"]
[BlackClock "0:00:11"]

1. Nf3 Nf6 2. b3 d5 3. Bb2 e6 4. c4 Be7 5. e3 O-O 6. Be2 c6 7. O-O a5 8. d4 b6 9. Nbd2 Ba6 10. Qc2 Nbd7 11. e4 dxe4 12. Nxe4 Rc8 13. Rad1 Qc7 14. Bd3 h6 15. Ne5 Rfd8 16. Nxd7 Rxd7 17. Qe2 Nh7 18. Bb1 Nf8 19. Rfe1 b5 20. d5 cxd5 21. Qg4 Ng6 22. cxd5 Rxd5 23. Rxd5 exd5 24. Nc3 Qd6 25. Bxg6 fxg6 26. Re6 Qd7 27. Qxg6 Bb7 28. Nxd5 Rc1+ 29. Bxc1 Bxd5 30. Bxh6 Bf8 31. Re1 Bf7 32. Qg3 Qc6 33. Be3 Bb4 34. Rf1 a4 35. Bd4 Bf8 36. Qe3 axb3 37. axb3 Qc2 38. Rc1 Qa2 39. Ra1 Qc2 40. h4 Bxb3 41. h5 Bc4 42. Ra8 Qb1+ 43. Kh2 Qf5 44. Qf3 Qxf3 45. gxf3 Kf7 46. Kg2 Be7 47. Ra7 Ke8 48. Bxg7 Bc5 49. Ra8+ Kf7 50. h6 Kg6 51. Ra6+ Kh7 52. Rc6 Be7 53. Rc7 Bg5 54. f4 Bxh6 55. Bxh6+ Kxh6 56. Kf3 Kg6 57. Ke3 Kf6 58. f3 Ke6 59. Rc5 Kf6 60. Re5 Bf1 61. Kd4 Kf7 62. Ke4 Kf6 63. Rc5 Kf7 64. Kf5 Bc4 65. Rc7+ Ke8 66. Kf6 Bd3 67. f5 Kd8 68. Rb7 Kc8 69. Rb6 Kd7 70. Kf7 Kc7 71. Rc6+ Kxc6 72. f6 Kd7 73. Kg7 Bc4 74. f7 Bxf7 75. Kxf7 Kd6 76. f4 b4 77. f5 b3 78. f6 b2 79. Kg7 b1=Q 80. f7 Qg1+ 81. Kf8 Qg6 82. Ke8 Ke6 83. Kd8 Qxf7 84. Kc8 Qd7+ 85. Kb8 Kd6 0-1


[Site "https://www.chess.com"]

[Event "Titled Tuesday Blitz February 07 Late 2023"]
[White "Curtis, John"]
[Black "ArchibaldCerveza29"]
[WhiteFideId "3200256"]
[WhiteElo "2292"]
[BlackElo "2520"]
[Result "1-0"]
[Round "01"]
[TimeControl "180+2"]
[Date "2023.02.07"]
[WhiteClock "0:00:13"]
[BlackClock "0:00:01"]

1. e4 e5 2. Nf3 Nc6 3. Bb5 g6 4. O-O Bg7 5. Nc3 Nge7 6. d3 O-O 7. Bc4 h6 8. Be3 Kh7 9. d4 d6 10. dxe5 dxe5 11. Qxd8 Nxd8 12. Bc5 Re8 13. Rad1 Be6 14. Nd5 Nxd5 15. Bxd5 c6 16. Bxe6 Nxe6 17. Be3 Red8 18. g4 b6 19. Rfe1 Kg8 20. Kf1 Kf8 21. Ke2 Ke7 22. c4 c5 23. Rd5 Nd4+ 24. Nxd4 cxd4 25. Bd2 Rxd5 26. cxd5 Rc8 27. Rc1 Rxc1 28. Bxc1 Kd6 29. Kd3 Kc5 30. f4 h5 31. fxe5 Bxe5 32. h3 a5 33. Bd2 Bg7 34. Be1 Be5 35. Bf2 Bf6 36. Bg3 a4 37. e5 Bd8 38. gxh5 gxh5 39. Ke4 d3 40. Bf4 Bh4 41. d6 Kc4 42. Bd2 Bd8 43. b3+ 1-0


[Site "https://www.chess.com"]

[Event "Titled Tuesday Blitz February 07 Late 2023"]
[White "Dobrikov, Marco"]
[Black "Marcolino, Daniel Mattos"]
[WhiteFideId "12950378"]
[BlackFideId "2106841"]
[WhiteElo "2269"]
[BlackElo "2006"]
[Result "1-0"]
[Round "01"]
[TimeControl "180+2"]
[Date "2023.02.07"]
[WhiteClock "0:02:22"]
[BlackClock "0:00:44"]

1. c4 e6 2. g3 d5 3. cxd5 exd5 4. Bg2 Nf6 5. Nf3 c6 6. O-O Be7 7. d4 O-O 8. a3 Bf5 9. Nc3 h6 10. b4 Nbd7 11. b5 Nb6 12. bxc6 bxc6 13. Ne5 Rc8 14. Bf4 Nfd7 15. Rc1 Nxe5 16. Bxe5 Nc4 17. e4 dxe4 18. Nxe4 Nxe5 19. dxe5 Qxd1 20. Rfxd1 Bxa3 21. Rc4 Bxe4 22. Bxe4 a5 23. f4 Bb4 24. Rd7 Rfd8 25. Rxc6 Rxd7 26. Rxc8+ Bf8 27. Ra8 Rd1+ 28. Kg2 Ra1 29. Bd5 g6 30. Ra7 Rd1 31. Bxf7+ Kg7 32. Bb3+ 1-0


[Site "https://www.chess.com"]

[Event "Titled Tuesday Blitz February 07 Late 2023"]
[White "Sabar, Ethmane Daouda"]
[Black "Bellissimo, Joseph F."]
[WhiteFideId "19600097"]
[BlackFideId "2609843"]
[WhiteElo "2040"]
[BlackElo "2203"]
[Result "0-1"]
[Round "01"]
[TimeControl "180+2"]
[Date "2023.02.07"]
[WhiteClock "0:00:38"]
[BlackClock "0:02:33"]

1. e4 e6 2. d4 d5 3. Nc3 Nf6 4. exd5 exd5 5. Bd3 h6 6. Nge2 c5 7. f3 c4 8. Bxc4 dxc4 9. O-O Nc6 10. Bf4 Be6 11. Re1 Be7 12. Ng3 Qxd4+ 13. Qxd4 Nxd4 14. Rad1 Nxc2 15. Re2 Nb4 16. Nb5 Nfd5 17. Nd6+ Kf8 18. Be5 Nd3 19. Nxb7 Nxe5 20. Rxe5 Rb8 0-1


[Site "https://www.chess.com"]

[Event "Titled Tuesday Blitz February 07 Late 2023"]
[White "Osmak, Yuliia"]
[Black "Capp, Stephen"]
[WhiteFideId "14101602"]
[BlackFideId "2027089"]
[WhiteElo "2440"]
[BlackElo "1920"]
[Result "1-0"]
[Round "01"]
[TimeControl "180+2"]
[Date "2023.02.07"]
[WhiteClock "0:00:39"]
[BlackClock "0:00:31"]

1. e4 e5 2. Nf3 d5 3. exd5 Bd6 4. Bb5+ Nd7 5. Nc3 Nf6 6. d3 h6 7. O-O O-O 8. Re1 Qe7 9. Bc4 Nb6 10. Bb3 Bg4 11. h3 Bh5 12. Be3 Bb4 13. Bxb6 Bxf3 14. Qxf3 axb6 15. Qf5 Bxc3 16. bxc3 Rfe8 17. Re3 Qd6 18. Rae1 Nxd5 19. Rxe5 Rxe5 20. Qxe5 Qxe5 21. Rxe5 Nf6 22. Re7 Rc8 23. Rxf7 Kh7 24. Be6 Re8 25. Bf5+ Kg8 26. Rxc7 Nd5 27. Rxb7 Nxc3 28. Bg6 Rf8 29. Rxb6 Nxa2 30. c4 Nc3 31. Rb7 Ne2+ 32. Kh2 Nf4 33. Be4 Rd8 34. g3 Nxd3 35. Bxd3 Rxd3 36. c5 Rc3 37. Rc7 g5 38. Kg2 Kf8 39. Kf1 Ke8 40. Kg2 Kd8 41. Rh7 Rxc5 42. Rxh6 Ke7 43. Rg6 Kf7 44. Rb6 Rd5 45. Kf3 Ra5 46. Kg4 Kg7 47. Kh5 Rf5 48. Rg6+ Kh7 49. Rxg5 Rxf2 50. Ra5 Rf7 51. g4 Rg7 52. g5 Re7 53. h4 Rd7 54. Ra6 Kg7 55. Rf6 Kh7 56. Kg4 Kg7 57. h5 Rd4+ 58. Rf4 Rd7 59. h6+ Kg6 60. Rf6+ Kh7 61. Kh5 Re7 62. g6+ Kg8 63. g7 Kh7 64. Rf8 Re5+ 65. Kg4 Rg5+ 66. Kf4 Rg6 67. Rh8# 1-0


[Site "https://www.chess.com"]

[Event "Titled Tuesday Blitz February 07 Late 2023"]
[White "Levine, David"]
[Black "Fisher_TheGalactic"]
[WhiteFideId "2011611"]
[WhiteElo "2040"]
[BlackElo "2561"]
[Result "0-1"]
[Round "01"]
[TimeControl "180+2"]
[Date "2023.02.07"]
[WhiteClock "0:00:04"]
[BlackClock "0:00:16"]

1. d4 b6 2. e4 Bb7 3. Bd3 Nf6 4. Qe2 e6 5. c3 Ke7 6. f4 Ke8 7. Nf3 Nc6 8. O-O Be7 9. Kh1 d6 10. Be3 Qd7 11. Nbd2 h6 12. a4 a6 13. b4 Kf8 14. b5 axb5 15. axb5 Na5 16. Ra2 g6 17. Rfa1 Kg7 18. Bf2 Ng4 19. Bg3 h5 20. h3 Nf6 21. Bh4 Nxe4 22. Bxe4 Bxe4 23. Qxe4 Bxh4 24. Nxh4 Qxb5 25. Ndf3 Rae8 26. Ng5 Qd5 27. Re2 Qxe4 28. Rxe4 d5 29. Re2 Ra8 30. Rea2 Ra7 31. Nhf3 Rha8 32. Ne5 c6 33. Ngxf7 Rxf7 34. Nxf7 Kxf7 35. Kg1 Ke7 36. g4 Kd6 37. Rb1 Kc7 38. Kg2 Rf8 39. Kg3 Rf7 40. Re1 Kd6 41. Rb2 Nc4 42. Rb4 b5 43. Rbb1 Nd2 44. Ra1 Ne4+ 45. Kf3 Nxc3 46. Ra8 Ne4 47. Rg8 g5 48. gxh5 Rxf4+ 49. Ke3 Rh4 50. h6 Rxh3+ 51. Ke2 Rxh6 52. Rg1 Rh2+ 53. Kd1 b4 54. Rb8 c5 55. dxc5+ Kxc5 0-1


[Site "https://www.chess.com"]

[Event "Titled Tuesday Blitz February 07 Late 2023"]
[White "Filgueira, Hernan"]
[Black "Souza, Gustavo Horokoski De"]
[WhiteFideId "101770"]
[BlackFideId "2146584"]
[WhiteElo "2283"]
[BlackElo "1943"]
[Result "1-0"]
[Round "01"]
[TimeControl "180+2"]
[Date "2023.02.07"]
[WhiteClock "0:00:11"]
[BlackClock "0:00:01"]

1. e4 e6 2. d4 d5 3. Nc3 Nf6 4. e5 Nfd7 5. Nf3 c5 6. dxc5 Bxc5 7. Bd3 h6 8. Bf4 Nc6 9. Bg3 O-O 10. O-O a6 11. a3 f6 12. exf6 Nxf6 13. Ne5 Nxe5 14. Bxe5 Bd6 15. Qe2 Bxe5 16. Qxe5 Ng4 17. Qg3 e5 18. Rad1 d4 19. Ne4 Qc7 20. h3 Nf6 21. Qg6 Qf7 22. Nxf6+ Qxf6 23. Qh7+ Kf7 24. f4 exf4 25. Rxf4 Qxf4 26. Rf1 Qxf1+ 27. Kxf1 Be6 28. Kg1 Rg8 29. Qg6+ Ke7 30. Qg3 Rac8 31. Qe5 b6 32. Qxd4 Rc5 33. b4 Rc6 34. Qe4 Rc7 35. Qe5 Rc6 36. a4 Rd8 37. Qxg7+ Kd6 38. Qxh6 Kc7 39. Qf4+ Kb7 40. b5 axb5 41. axb5 Rcd6 42. g4 Bd5 43. Qg5 Re8 44. Qg7+ Ka8 45. Bf5 Re1+ 46. Kf2 Re7 47. Qxe7 1-0


[Site "https://www.chess.com"]

[Event "Titled Tuesday Blitz February 07 Late 2023"]
[White "Kovalevsky, Stanislav"]
[Black "Ozates, Tuna"]
[WhiteFideId "13508598"]
[BlackFideId "6354521"]
[WhiteElo "2237"]
[BlackElo "2251"]
[Result "1/2-1/2"]
[Round "01"]
[TimeControl "180+2"]
[Date "2023.02.07"]
[WhiteClock "0:00:15"]
[BlackClock "0:00:04"]

1. c4 g6 2. Nc3 Bg7 3. g3 c5 4. Bg2 Nc6 5. e3 Nf6 6. Nge2 O-O 7. a3 b6 8. O-O Bb7 9. d4 cxd4 10. exd4 Rc8 11. b3 e6 12. Bb2 d5 13. cxd5 Nxd5 14. Nxd5 exd5 15. Qd3 Re8 16. Rfe1 Ne7 17. Nf4 Qd7 18. Bh3 f5 19. Re2 Nc6 20. Rae1 Re4 21. f3 Nxd4 22. fxe4 dxe4 23. Rxe4 Bxe4 24. Rxe4 fxe4 25. Bxd7 exd3 26. Bxc8 Ne2+ 27. Nxe2 Bxb2 28. Nf4 d2 29. Bg4 Bxa3 30. Kf2 Kg7 31. Ke2 Bb4 32. Nd5 Bc5 33. Bf3 g5 34. g4 Kf7 35. Kxd2 Ke6 36. Kd3 Ke5 37. Be4 h6 38. h3 b5 39. b4 Bd6 40. Ke3 a6 41. Bg2 Bb8 42. Kd3 Bd6 43. Nb6 Bxb4 44. Bb7 a5 45. Ba6 a4 46. Bxb5 a3 47. Bc4 Kf4 48. Nd5+ Kg3 49. Nxb4 Kxh3 50. Be6 Kh4 51. Ke4 h5 52. gxh5 Kxh5 53. Na2 Kh4 54. Kf3 Kh5 55. Bg4+ Kh4 56. Nc3 a2 57. Nxa2 1/2-1/2


[Site "https://www.chess.com"]

[Event "Titled Tuesday Blitz February 07 Late 2023"]
[White "Maltsevskaya, Aleksandra"]
[Black "Jesusesmifuerza"]
[WhiteFideId "24174041"]
[WhiteElo "2390"]
[BlackElo "2043"]
[Result "1-0"]
[Round "01"]
[TimeControl "180+2"]
[Date "2023.02.07"]
[WhiteClock "0:02:25"]
[BlackClock "0:00:58"]

1. Nf3 d5 2. g3 e6 3. d3 Nf6 4. Bg2 Be7 5. O-O O-O 6. Nbd2 c5 7. e4 h6 8. exd5 exd5 9. c3 Nc6 10. a4 Bg4 11. h3 Bh5 12. Re1 Bg6 13. Nf1 Bd6 14. d4 cxd4 15. Nxd4 a6 16. Ne3 Qc7 17. Ndf5 Rad8 18. Nxd6 Qxd6 19. Nc2 Rfe8 20. Bf4 Qd7 21. Rxe8+ Rxe8 22. Nd4 Be4 23. Nxc6 bxc6 24. Qd4 Bxg2 25. Kxg2 Qe6 26. Rd1 Qe4+ 27. Kg1 Qxd4 28. Rxd4 Re2 29. Rb4 Ne4 30. Be3 Nxg3 31. Rb6 Nf5 32. Bc5 Re6 33. Rxa6 Nh4 34. a5 Nf3+ 35. Kg2 Ne1+ 36. Kf1 Nd3 37. Be3 Nxb2 38. Ra8+ Kh7 39. a6 Nc4 40. a7 Nxe3+ 41. fxe3 Re7 42. Rh8+ Kxh8 43. a8=Q+ 1-0


[Site "https://www.chess.com"]

[Event "Titled Tuesday Blitz February 07 Late 2023"]
[White "Necula, Iulian"]
[Black "Kavutskiy, Konstantin"]
[WhiteFideId "1232380"]
[BlackFideId "2026384"]
[WhiteElo "1851"]
[BlackElo "2414"]
[Result "0-1"]
[Round "01"]
[TimeControl "180+2"]
[Date "2023.02.07"]
[WhiteClock "0:00:03"]
[BlackClock "0:00:06"]

1. d4 Nf6 2. Nc3 d5 3. Bf4 g6 4. e3 Bg7 5. h3 O-O 6. Nf3 c5 7. Be2 Nc6 8. Nb5 a6 9. Nc7 Ra7 10. g4 b6 11. dxc5 Rxc7 12. Bxc7 Qxc7 13. cxb6 Qxb6 14. Rb1 h5 15. g5 Ne4 16. h4 d4 17. Bd3 Bf5 18. Qe2 dxe3 19. Qxe3 Qa5+ 20. Kf1 Nd6 21. a3 Bxd3+ 22. Qxd3 Rd8 23. Qe2 Qf5 24. Rd1 Rb8 25. b4 Ne4 26. Rd3 Ne5 27. Nxe5 Bxe5 28. Rhh3 Nd6 29. Qf3 Qxf3 30. Rhxf3 Bb2 31. Rb3 Bc1 32. Rfd3 Bf4 33. c4 Nf5 34. c5 Nxh4 35. c6 Rc8 36. Rd4 Bxg5 37. Rc4 Nf5 38. a4 Nd6 39. Rc5 Bf6 40. b5 axb5 41. axb5 Bd4 42. Rd5 Bb6 43. Rbd3 Ra8 44. Rxd6 exd6 45. Rxd6 Rc8 46. Rd7 g5 47. Rb7 Ba5 48. b6 Rxc6 49. Rb8+ Kg7 50. b7 Rb6 51. Ra8 Rxb7 52. Rxa5 Kg6 53. Ra6+ f6 54. Ra8 h4 55. Rg8+ Kf5 56. Rh8 Rb1+ 57. Kg2 Rb2 58. Kf3 g4+ 59. Kg2 Kg5 60. Rg8+ Kf4 61. Rg6 f5 62. Rg7 g3 63. Kh3 Rxf2 0-1


[Site "https://www.chess.com"]

[Event "Titled Tuesday Blitz February 07 Late 2023"]
[White "Reprintsev, Alexander"]
[Black "Gurevich, Ilya"]
[WhiteFideId "14100541"]
[BlackFideId "2000628"]
[WhiteElo "2253"]
[BlackElo "2586"]
[Result "0-1"]
[Round "01"]
[TimeControl "180+2"]
[Date "2023.02.07"]
[WhiteClock "0:00:57"]
[BlackClock "0:00:21"]

1. e4 c5 2. b3 Nc6 3. Bb2 e6 4. Qe2 Be7 5. Bxg7 Bf6 6. Bxh8 Bxh8 7. c3 d6 8. f4 Bd7 9. Nf3 Qe7 10. g3 O-O-O 11. Bg2 Nf6 12. O-O Kb8 13. d4 cxd4 14. cxd4 Ng4 15. Qd2 h5 16. Nc3 Rg8 17. e5 d5 18. Nb5 Qf8 19. Nd6 Qg7 20. Rac1 h4 21. Nxh4 Nxh2 22. Rc3 Nxf1 23. Kxf1 Qh7 24. Kf2 f6 25. Nf3 Qg6 26. Ng1 fxe5 27. dxe5 Nxe5 28. fxe5 Bxe5 29. Ne4 dxe4 30. Qxd7 Bxc3 31. Qd6+ Ka8 32. Ne2 Qf6+ 33. Ke3 Rd8 34. Qc7 Rd3+ 35. Kxe4 Qf5# 0-1


[Site "https://www.chess.com"]